 Dungeon Crawl Stone Soup version 0.17.0-24-gcfadda4 (webtiles) character file.

4876 HaroldButt the Martial Artist (level 10, -11/50 HPs)
             Began as a Vine Stalker Monk on Nov 15, 2015.
             Was a Follower of Ru.
             Shot with a bolt by an orc warrior (13 damage)
             ... in a bailey.
             The game lasted 00:34:10 (7009 turns).

HaroldButt the Martial Artist (Vine Stalker Monk)   Turns: 7009, Time: 00:34:10

Health: -11/50     AC: 10    Str: 15    XL:     10   Next: 50%
Magic:  0/20       EV: 16    Int: 10    God:    Ru [*.....]
Gold:   351        SH:  0    Dex: 19    Spells: 0 memorised, 9 levels left

rFire  . . .     SeeInvis .       - Unarmed
rCold  . . .     Clarity  .     s - +2 leather armour {rPois}
rNeg   . . .     SustAt   +     (no shield)
rPois  +         Gourm    .     A - +0 helmet
rElec  .         Spirit   +     m - +2 cloak
rCorr  .         Warding  .     (no gloves)
rMut   .         Stasis   .     (no boots)
MR     +....                    (no amulet)
Stlth  ++........               x - ring of magical power
                                p - ring of sustain attributes

@: somewhat resistant to hostile enchantments, unstealthy
A: fangs 3, regeneration 2, magic shield, antimagic bite, no device heal 3, rot
immunity, unskilled 1
a: Renounce Religion


You were in a bailey.
You worshipped Ru.
Ru was aware of your devotion.
You were very hungry.

You visited 2 branches of the dungeon, and saw 8 of its levels.
You also visited: Sewer and Bailey.

You collected 351 gold pieces.

Inventory:

Missiles
 e - 17 poisoned needles
 i - 13 tomahawks (quivered)
 j - 230 stones
Armour
 g - a +2 robe of magic resistance
 m - a +2 cloak (worn)
 s - a +2 leather armour of poison resistance (worn)
 A - a +0 helmet (worn)
Jewellery
 p - a ring of sustain attributes (left hand)
 x - a ring of magical power (right hand)
Wands
 y - a wand of slowing (17)
 z - a wand of teleportation (2)
Scrolls
 a - 2 scrolls of amnesia
 k - 4 scrolls of remove curse
 q - a scroll of fog
 v - a scroll of teleportation
 B - a scroll of blinking
Potions
 c - 3 potions of might
 f - 2 potions of flight
 h - a potion of resistance
 n - 4 potions of brilliance
 o - 2 potions of agility
 r - 3 potions of curing
 t - a potion of heal wounds
Comestibles
 b - 8 bread rations
 d - 3 meat rations
 l - a royal jelly


   Skills:
 + Level 4.2 Fighting
 - Level 7.1 Armour
 - Level 6.0 Dodging
 - Level 2.1 Stealth
 + Level 8.6 Unarmed Combat


You had 9 spell levels left.
You didn't know any spells.

Dungeon Overview and Level Annotations

Branches:
Dungeon (7/15)             Temple (1/1) D:4

Altars:
Ashenzari
Dithmenos
Elyvilon
Fedhas
Gozag
Kikubaaqudgha
Makhleb
Nemelex Xobeh
Okawaru
Ru
Sif Muna
Trog
Vehumet
Xom
Yredelemnul
Zin
The Shining One
Lugonu

Annotations:
D:5 exclusion: door


Innate Abilities, Weirdness & Mutations

You have razor-sharp teeth.
You heal very quickly.
When hurt, damage is shared between your health and your magic reserves.
Your bite disrupts and absorbs the magic of your enemies.
Potions and wands cannot restore your health.
You are immune to rotting.
You are somewhat unskilled (-1 Apt).


Message History

The orc warrior shoots a bolt.
The bolt barely misses you.
The orc warrior shoots a bolt.
The bolt closely misses you.
You see here 3 bolts.
Your surroundings suddenly seem different.
The orc warrior suddenly cheers.
The orc warrior shoots a bolt.
The bolt barely misses you.
You see here a bolt.
The orc warrior shoots a bolt.
The bolt hits you!!
* * * LOW HITPOINT WARNING * * *
The orc warrior is stunned by your will and fails to attack.
You see here a bolt.
The orc warrior shoots a bolt.
The bolt barely misses you.
You see here a bolt.
Found a gate leading back out of this place.
You see here a bolt.
The orc warrior shoots a bolt.
The bolt hits you!
* * * LOW HITPOINT WARNING * * *
You see here a bolt.
The orc warrior shoots a bolt.
The bolt hits you!
You die...

.....≈##o##≈.......)
#......≈≈#o#≈≈........
#.......≈≈≈≈≈.........
#.....................
#............(........
#.....................
#..........(...(......
#...........((((((.((.
#∩...@.(((.(..(..(....
######################


You could see an orc warrior.

Vanquished Creatures
  Pikel (D:7)
  The ghost of Gravenous the Poker, a novice TeWn (D:6)
  Prince Ribbit (D:5)
  A spriggan (D:7)
  Sigmund (D:4)
  Menkaure (D:5)
  3 ice beasts
  Duvessa (D:5)
  2 sky beasts
  3 orc warriors
  A necrophage (D:6)
  3 centaurs
  A phantom (D:7)
  4 ogres
  4 giant frogs
  Blork the orc (D:6)
  A big kobold (D:7)
  Dowan (D:5)
  3 wights
  2 scorpions (D:4)
  6 killer bees (D:7)
  2 giant frog zombies
  A crimson imp (D:5)
  3 orc priests
  2 hounds
  A jelly (D:7)
  Crazy Yiuf (D:6)
  Jessica (D:2)
  3 orc wizards (D:7)
  4 worker ants
  5 iguanas
  A hound skeleton (D:6)
  8 gnolls
  A river rat (D:3)
  12 adders
  A shadow imp (D:7)
  10 oozes
  2 adder skeletons
  2 worms
  15 giant geckos
  25 orcs
  13 giant cockroaches
  13 goblins
  9 hobgoblins
  5 jackals
  4 quokkas
  12 ball pythons
  4 bats
  20 giant newts
  13 kobolds
  A quokka skeleton (D:4)
  11 rats
247 creatures vanquished.

Vanquished Creatures (others)
  An adder zombie (D:7)
  2 orcs
  4 fungi (D:4)
7 creatures vanquished.

Grand Total: 254 creatures vanquished

Notes
Turn   | Place    | Note
--------------------------------------------------------------
     0 | D:1      | HaroldButt the Vine Stalker Monk began the quest for the Orb.
     0 | D:1      | Reached XP level 1. HP: 11/11 MP: 2/2
   167 | D:1      | Reached XP level 2. HP: 13/16 MP: 3/3
   362 | D:1      | Reached XP level 3. HP: 19/19 MP: 2/4
   647 | D:1      | Reached skill level 5 in Unarmed Combat
  1249 | D:2      | Reached XP level 4. HP: 23/23 MP: 5/5
  1317 | D:2      | Noticed Jessica
  1331 | D:2      | Killed Jessica
  1549 | D:3      | Reached skill level 6 in Unarmed Combat
  1561 | D:3      | Found a burning altar of Makhleb.
  1627 | D:3      | Found a shimmering altar of Xom.
  1681 | D:3      | Reached XP level 5. HP: 17/27 MP: 3/6
  1691 | D:3      | Found a glowing drain.
  1706 | Sewer    | Entered a sewer
  2059 | Sewer    | Reached skill level 7 in Unarmed Combat
  2110 | Sewer    | Gained mutation: You heal very quickly. [Vine Stalker growth]
  2110 | Sewer    | Reached XP level 6. HP: 30/32 MP: 7/7
  2408 | D:3      | Found a radiant altar of Vehumet.
  2416 | D:3      | Found a blossoming altar of Fedhas.
  2514 | D:3      | Reached skill level 8 in Unarmed Combat
  2578 | D:3      | Reached XP level 7. HP: 18/35 MP: 8/8
  2737 | D:4      | Found a shadowy altar of Dithmenos.
  2739 | D:4      | Noticed Sigmund
  2747 | D:4      | Killed Sigmund
  2747 | D:4      | Reached skill level 1 in Armour
  2969 | D:4      | Found a glowing silver altar of Zin.
  2969 | D:4      | Noticed an angel
  3043 | D:4      | Found a staircase to the Ecumenical Temple.
  3062 | Temple   | Entered the Ecumenical Temple
  3093 | Temple   | Became a worshipper of Ru the Awakened
  3097 | Temple   | Gained mutation: You are somewhat unskilled (-1 Apt). [Ru sacrifice]
  3097 | Temple   | Reduced skill Armour to level 1
  3097 | Temple   | Reduced skill Unarmed Combat to level 7
  3097 | Temple   | Reached * piety under Ru
  3285 | D:4      | Gained mutation: You have razor-sharp teeth. [Vine Stalker growth]
  3285 | D:4      | Reached XP level 8. HP: 23/39 MP: 9/9
  3889 | D:5      | Entered Level 5 of the Dungeon
  3918 | D:5      | Found a deep blue altar of Sif Muna.
  3998 | D:5      | Found an ancient bone altar of Kikubaaqudgha.
  4064 | D:5      | Noticed Prince Ribbit
  4180 | D:5      | Found a deep blue altar of Sif Muna.
  4523 | D:5      | Found a basalt altar of Yredelemnul.
  4725 | D:5      | Killed Prince Ribbit
  4725 | D:5      | Reached skill level 5 in Dodging
  4725 | D:5      | Reached XP level 9. HP: 27/43 MP: 10/10
  4757 | D:5      | Noticed Menkaure
  4764 | D:5      | Killed Menkaure
  4968 | D:6      | Noticed Duvessa
  4968 | D:6      | Noticed Dowan
  4997 | D:5      | Killed Duvessa
  5010 | D:5      | Reached skill level 5 in Armour
  5224 | D:5      | Killed Dowan
  5330 | D:6      | Noticed Gravenous's ghost (novice TeWn)
  5365 | D:6      | Killed Gravenous's ghost
  5598 | D:6      | Found a sparkling altar of Nemelex Xobeh.
  5890 | D:6      | Noticed Blork the orc
  5899 | D:6      | Killed Blork the orc
  5978 | D:6      | Noticed Crazy Yiuf
  5985 | D:6      | Killed Crazy Yiuf
  6326 | D:7      | Reached XP level 10. HP: 32/47 MP: 11/11
  6583 | D:7      | Noticed Pikel
  6607 | D:7      | Killed Pikel
  6607 | D:7      | Reached skill level 8 in Unarmed Combat
  6669 | D:7      | Found a bloodstained altar of Trog.
  6759 | D:7      | Found a flagged portal.
  6781 | Bailey   | Entered a bailey
  7007 | Bailey   | HP: 1/50 [orc warrior/bolt (7)]
  7009 | Bailey   | Shot with a bolt by an orc warrior

Action                   |  1- 3 |  4- 6 |  7- 9 | 10-12 || total
-------------------------+-------+-------+-------+-------++-------
Melee: Unarmed           |   104 |   255 |   401 |   162 ||   922
Throw: Throwing net      |       |     1 |     2 |       ||     3
       Stone             |       |     5 |       |       ||     5
       Tomahawk          |       |       |    23 |       ||    23
Invok: Sacrifice Skill   |       |       |     1 |       ||     1
       Reject Sacrifices |       |       |     1 |       ||     1
Evoke: Wand              |       |       |       |     1 ||     1
  Use: Scroll            |     6 |       |    16 |       ||    22
 Stab: Sleeping          |     8 |     4 |     6 |       ||    18
       Held in net/web   |       |       |     1 |       ||     1
  Eat: Chunk             |     1 |     5 |    12 |     2 ||    20
